 Dungeon Crawl Stone Soup version 0.24-a0-769-g368c164 (webtiles) character file.

Game seed: 4539185251616750787, levelgen mode: deterministic

31 scarywalker64 the Charmwright (level 2, 0/24 HPs)
             Began as a Demigod Skald on Oct 5, 2019.
             Slain by a hobgoblin (3 damage)
             ... on level 2 of the Dungeon.
             The game lasted 00:02:09 (1288 turns).

scarywalker64 the Charmwright (Demigod Skald)       Turns: 1288, Time: 00:02:11

Health: 0/24       AC:  3    Str: 14    XL:     2   Next: 90%
Magic:  6/7        EV: 12    Int: 17    God:
Gold:   51         SH:  0    Dex: 15    Spells: 4/5 levels left

rFire    . . .     SeeInvis .   a - +1 falchion
rCold    . . .     Gourm    .   (no shield)
rNeg     . . .     Faith    .   b - +0 leather armour
rPois    .         Spirit   .   (no helmet)
rElec    .         Reflect  .   (no cloak)
rCorr    .         Harm     .   (no gloves)
MR       .....                  (no boots)
Stlth    +.........             (no amulet)
HPRegen  0.08/turn              (no ring)
MPRegen  0.10/turn              (no ring)

@: lethally poisoned (0 -> -13), very slightly contaminated
A: high mp 1
a: no special abilities


You were on level 2 of the Dungeon.
You were not hungry.

You visited 1 branch of the dungeon, and saw 2 of its levels.

You collected 51 gold pieces.

Inventory:

Hand Weapons
 a - a +1 falchion (weapon)
Missiles
 e - 45 stones (quivered)
 i - 8 boomerangs of dispersal
Armour
 b - a +0 leather armour (worn)
 k - a +0 shield
Scrolls
 l - a scroll of remove curse
Potions
 c - a potion of lignification
 f - a potion of haste
 g - a potion of curing {unknown}
Comestibles
 d - 2 rations


   Skills:
 * Level 2.0 Fighting
 + Level 2.2 Long Blades
 + Level 0.9 Armour
 + Level 1.7 Dodging
 * Level 0.1 Shields
 * Level 2.0 Spellcasting
 * Level 3.2 Charms


You had 4 spell levels left.
You knew the following spells:

 Your Spells              Type           Power        Failure   Level  Hunger
a - Infusion              Chrm           ##..         6%          1    #......

Your spell library contained the following spells:

 Spells                   Type           Power        Failure   Level  Hunger
 Song of Slaying          Chrm           ##......     10%         2    ###....
 Shroud of Golubria       Chrm/Tloc      #.....       19%         2    ###....
 Regeneration             Chrm/Necr      #.........   36%         3    ###....
 Spectral Weapon          Hex/Chrm       #.......     36%         3    ###....


Dungeon Overview and Level Annotations

Branches:
Dungeon (2/15)


Innate Abilities, Weirdness & Mutations

You have an increased reservoir of magic. (+10% MP)


Message History

The ball python constricts you.
You hit the ball python.
You kill the ball python!
You feel sick. The adder barely misses you. The hobgoblin misses you.
The kobold closely misses you.
You riposte.
You closely miss the kobold. The adder barely misses you.
You barely miss the adder.
You feel sick.
The hobgoblin hits you but does no damage.
The adder bites you.
You are lethally poisoned!
The adder poisons you! The kobold hits you but does no damage.
The adder bites you. The hobgoblin hits you.
* * * LOW HITPOINT WARNING * * *
You slash the adder!
The adder is severely wounded.
* * * LOW HITPOINT WARNING * * *
You feel sick. The kobold hits you.
* * * LOW HITPOINT WARNING * * *
The adder barely misses you. The hobgoblin hits you.
You die...

.... ...
#.. [.
######+#.#
#........#
#....S%..#
#....†@(.#
#....Kg..#
#........#
#.....)..#
#......$.#
#........#
##########


You could see an adder, a hobgoblin and a kobold.

Vanquished Creatures
  An ooze (D:1)
  2 bats (D:1)
  A giant cockroach (D:1)
  8 goblins (D:1)
  3 hobgoblins (D:1)
  2 ball pythons
  A frilled lizard (D:1)
  4 kobolds (D:1)
  3 rats
25 creatures vanquished.

Notes
Turn   | Place    | Note
-------+----------+-------------------------------------------
     0 | D:1      | scarywalker64 the Demigod Skald began the quest for the
                  | Orb.
     0 | D:1      | Reached XP level 1. HP: 17/17 MP: 5/5
   225 | D:1      | Reached skill level 3 in Charms
   225 | D:1      | Reached XP level 2. HP: 10/24 MP: 2/7
  1288 | D:2      | Slain by a hobgoblin

Levels and vault maps discovered:
D:1:      elethiomel_arrival_shortcut, layout_loops_ring, minivault_11,
          minmay_pentomino_o4
D:2:      layout_basic

Skill      XL: |  1  2 |
---------------+-------+-----
Long Blades    | 2 |  2.2
Charms         | 3 |  3.2
Spellcasting   | 2 |  2.0
Fighting       | 2 |  2.0
Armour         | |  0.9
Dodging        | |  1.7
Shields        | |  0.1

Action                   || total
-------------------------++-------
Melee: Falchion          ||    66
 Cast: Infusion          ||     2
  Use: Scroll            ||     4
  Eat: Chunk             ||     1
Armor: Leather armour    ||    23
Dodge: Dodged            ||    58
       Rpst.: Falchion   ||    22

Table legend:
 A = Non-vault XP
 B = Vault XP
 C = Vault XP percentage of total XP
 D = Non-vault monster count
 E = Vault monster count
 F = Vault count percentage of total count
                 A         B        C        D         E       F
            +---------+---------+-------+---------+---------+-------
      Total |      40 |       5 |  11.1 |      22 |       3 |  12.0
            +---------+---------+-------+---------+---------+-------
        D:1 |      38 |       5 |  11.6 |      20 |       3 |  13.0
        D:2 |       2 |       0 |   0.0 |       2 |       0 |   0.0
            +---------+---------+-------+---------+---------+-------
